 Dungeon Crawl Stone Soup version 0.18.1-8-gdd0e5ea (webtiles) character file.

1433 M4edhros the Prestidigitator (level 8, -4/59 (60) HPs)
             Began as a Mummy Artificer on June 3, 2016.
             Slain by a chaos spawn (7 damage)
             ... summoned by Xom
             ... in the Ecumenical Temple.
             The game lasted 00:14:03 (45534 turns).

M4edhros the Prestidigitator (Mummy Artificer)     Turns: 45534, Time: 00:14:04

HP:   -4/59 (60)    AC: 12    Str: 12 (14) XL:     8   Next: 45%
MP:   14/14         EV: 12    Int: 10 (11) God:    Xom [......]
Gold: 298           SH:  0    Dex: 13 (15) Spells: 0 memorised, 7 levels left

rFire  x . .     SeeInvis .     w - +2 flail (protect)
rCold  + . .     Gourm    .     h - +0 troll leather armour
rNeg   + + +     Faith    .     (no shield)
rPois  ∞         Spirit   .     (no helmet)
rElec  .         Dismiss  .     (no cloak)
rCorr  .         Reflect  .     M - +1 pair of gloves {archery}
SustAt .         Harm     .     z - +0 pair of boots
MR     ++...                    (no amulet)
Stlth  +.........               B - ring of protection from magic
                                (no ring)

@: very resistant to hostile enchantments, very unstealthy
A: no food or potions, fire vulnerability, cold resistance 1, negative energy
resistance 3, torment resistance, unbreathing
a: Renounce Religion


You were in the Ecumenical Temple.
You worshipped Xom.
You were a very special plaything of Xom.
You were not hungry.

You visited 2 branches of the dungeon, and saw 9 of its levels.

You collected 298 gold pieces.

Inventory:

Hand Weapons
 g - a +2 dagger of venom
 r - a +2 mace of protection
 w - a +2 flail of protection (weapon)
Armour
 b - a +0 leather armour
 h - a +0 troll leather armour (worn)
 n - a +0 scale mail
 t - a +2 robe of magic resistance
 z - a +0 pair of boots (worn)
 M - a +1 pair of gloves of archery (worn)
Rods
 P - a -1 lightning rod (14/14)
   (Xom gifted it to you in the Ecumenical Temple)
Jewellery
 B - a ring of protection from magic (right hand)
 K - the cursed ring of Pulih {Ice +Inv rPois}
   (Xom gifted it to you in the Ecumenical Temple)

   [ring of ice]

   It enhances your ice magic, and weakens your fire magic.
   It makes you vulnerable to fire.
   It protects you from cold.
   It protects you from poison.
   It lets you turn invisible.
   It has a curse placed upon it.
Wands
 a - a wand of flame (11/48)
 c - a wand of flame (15/48)
 d - a wand of enslavement (8/24)
 e - a wand of random effects (13/48)
 q - a wand of disintegration (15/24)
 s - a wand of flame (30/48)
 y - a wand of acid (5/15)
 D - a wand of iceblast (11/15)
 E - a wand of digging (13/24)
 G - a wand of paralysis (7/24)
 O - a wand of lightning (6/15)
Scrolls
 f - 3 scrolls of teleportation {unknown}
 i - 2 scrolls of fog
 j - a scroll of magic mapping
 k - 5 scrolls of recharging {unknown}
 l - a scroll of fear {unknown}
 m - 2 scrolls of blinking {unknown}
 o - 3 scrolls of identify {unknown}
 p - 2 scrolls of remove curse {unknown}
 u - a scroll of enchant armour {unknown}
 v - a scroll of amnesia {unknown}
 x - 2 scrolls of noise {unknown}
 A - 2 scrolls of random uselessness {unknown}
 F - a scroll of immolation {unknown}
 H - a scroll of enchant weapon {unknown}
 J - a scroll of holy word {unknown}
Potions
 N - a potion of agility {unknown}
Books
 C - a Fen Folio

   Spells                             Type                      Level
   a - Corpse Rot                     Necromancy                   2
   b - Stone Arrow                    Conjuration/Earth            3
   c - Leda's Liquefaction            Hexes/Earth                  4
   d - Summon Forest                  Summoning/Translocation      5
   e - Hydra Form                     Transmutation                6
   f - Summon Hydra                   Summoning                    7
 I - Xom's Incunabulum of the Hidden Realms
   (Xom gifted it to you in the Ecumenical Temple)

   Spells                             Type                      Level
   a - Ozocubu's Armour               Charms/Ice                   3
   b - Summon Guardian Golem          Hexes/Summoning              3
   c - Throw Icicle                   Conjuration/Ice              4
   d - Summon Ice Beast               Ice/Summoning                4
   e - Summon Hydra                   Summoning                    7
   f - Dragon's Call                  Summoning                    9
 L - Xom's Handbook of the Eight Lives
   (Xom gifted it to you in the Ecumenical Temple)

   Spells                             Type                      Level
   a - Song of Slaying                Charms                       2
   b - Swiftness                      Charms/Air                   2
   c - Ozocubu's Armour               Charms/Ice                   3
   d - Iskenderun's Battlesphere      Conjuration/Charms           5
   e - Delayed Fireball               Conjuration/Fire             7


   Skills:
 + Level 3.9 Fighting
 - Level 0.7 Short Blades
 + Level 3.3 Dodging
 - Level 0.7 Stealth
 + Level 8.0 Evocations


You had 7 spell levels left.
You didn't know any spells.

Dungeon Overview and Level Annotations

Branches:
Dungeon (8/15)             Temple (1/1) D:6
   Lair: D:8-11

Altars:
Cheibriados
Dithmenos
Elyvilon
Fedhas
Gozag
Kikubaaqudgha
Nemelex Xobeh
Okawaru
Pakellas
Qazlal
Ru
Sif Muna
Trog
Vehumet
Xom
Yredelemnul
Zin
The Shining One


Innate Abilities, Weirdness & Mutations

You do not eat or drink.
Your flesh is vulnerable to fire.
You are immune to poison.
Your flesh is cold resistant.
You are immune to negative energy.
You are immune to unholy pain and torment.
You can survive without breathing.


Message History

Aim: a sixfirhy (summoned, chance to defeat MR: 28%)
The sixfirhy easily resists.
This wand has 9 charges left.
The chaos spawn hits you but does no damage.
The chaos spawn barely misses you.
The crimson imp hits you but does no damage.
Evoke which item? (* to show all) (? for menu, Esc to quit)
Zapping:
d - a wand of enslavement (9/24)
Press: ? - help, Shift-Dir - straight line, f/p - sixfirhy
Aim: a sixfirhy (summoned, chance to defeat MR: 28%)
The sixfirhy easily resists.
This wand has 8 charges left.
The sixfirhy misses you.
The sixfirhy hits you but does no damage.
The sixfirhy misses you. The chaos spawn gores you!
* * * LOW HITPOINT WARNING * * *
The chaos spawn shocks you!
* * * LOW HITPOINT WARNING * * *
The chaos spawn hits you.
* * * LOW HITPOINT WARNING * * *
The chaos spawn shocks you!
You die...

##.............._..............##
........._............._.........
.................................
.................................
....._....................._.....
..............⌠...⌠..............
.................................
...............543...............
..._.......⌠....@....⌠......._...
...............3.................
.................................
..............⌠...⌠..............
....._....................._.....
.................................
.................................
........._............._.........
##.............._..............##


You could see a sixfirhy, 2 chaos spawn and a crimson imp.

Vanquished Creatures
  2 centaurs (D:6)
  2 giant frogs
  3 scorpions
  4 wights (D:7)
  2 howler monkeys (D:5)
  2 crimson imps (D:7)
  A quasit (D:7)
  An orc priest (D:4)
  7 orc wizards
  Jessica (D:3)
  A giant frog skeleton (D:5)
  Ijyb (D:2)
  Terence (D:2)
  A worker ant (D:4)
  2 worker ant zombies (D:5)
  11 adders
  A gnoll (D:4)
  A howler monkey skeleton (D:4)
  An ooze (D:2)
  2 adder zombies
  A worm (D:3)
  3 dart slugs
  3 giant geckos
  17 orcs
  2 giant cockroaches
  9 goblins
  6 hobgoblins
  8 jackals
  2 quokkas
  2 ball pythons
  5 bats
  A giant gecko skeleton (D:4)
  2 giant newts
  6 kobolds
  A quokka zombie (D:5)
  8 rats
123 creatures vanquished.

Vanquished Creatures (collateral kills)
  An orc wizard (D:3)
  2 gnolls (D:4)
  A worm (D:4)
  A jackal (D:4)
5 creatures vanquished.

Vanquished Creatures (others)
  An ogre (D:4)
1 creature vanquished.

Grand Total: 129 creatures vanquished

Notes
Turn   | Place    | Note
--------------------------------------------------------------
     0 | D:1      | M4edhros the Mummy Artificer began the quest for the Orb.
     0 | D:1      | Reached XP level 1. HP: 15/15 MP: 2/2
   236 | D:1      | Reached XP level 2. HP: 15/21 MP: 4/4
   249 | D:1      | Reached skill level 3 in Evocations
   689 | D:1      | Reached XP level 3. HP: 4/26 MP: 5/5
  1673 | D:2      | Noticed Ijyb
  1947 | D:2      | Found a faded altar to an unknown god.
  2235 | D:2      | Reached skill level 4 in Evocations
  2293 | D:2      | Reached XP level 4. HP: 28/32 MP: 7/7
  2368 | D:2      | Noticed Terence
  2377 | D:2      | Killed Terence
  2551 | D:2      | Killed Ijyb
  2551 | D:2      | Reached XP level 5. HP: 29/37 MP: 8/8
  3035 | D:3      | Noticed Jessica
  3038 | D:3      | Killed Jessica
  3038 | D:3      | Reached skill level 5 in Evocations
  3579 | D:3      | Reached XP level 6. HP: 25/43 MP: 10/10
  3719 | D:4      | Reached skill level 6 in Evocations
  3995 | D:4      | Reached XP level 7. HP: 47/48 MP: 10/12
  4102 | D:4      | Reached skill level 7 in Evocations
  4360 | D:4      | Found a sparkling altar of Nemelex Xobeh.
  4427 | D:5      | Entered Level 5 of the Dungeon
  4863 | D:5      | Found a radiant altar of Vehumet.
  4922 | D:5      | Found a sacrificial altar of Ru.
  4923 | D:5      | Found a bloodstained altar of Trog.
  5021 | D:6      | Found a staircase to the Ecumenical Temple.
  5276 | D:7      | Reached XP level 8. HP: 56/57 MP: 13/13
  5542 | D:7      | Found a glowing silver altar of Zin.
  5648 | D:7      | Found a stormy altar of Qazlal.
  5649 | D:7      | Found a snail-covered altar of Cheibriados.
  6143 | D:6      | Got a polished scale mail
  6154 | D:6      | Identified the +1 scale mail of the Gate {rN+ MR- MP+9} (You found it on level 6 of the Dungeon)
  6199 | Temple   | Entered the Ecumenical Temple
  6216 | Temple   | Became a worshipper of Xom of Bloodstained Whimsey
  7506 | Temple   | XOM: harmless Air miscast
  8053 | Temple   | XOM is BORED!
  8053 | Temple   | XOM: medium Erth miscast
  8848 | Temple   | XOM: harmless Hex miscast
  9056 | Temple   | XOM: silly message
  9527 | Temple   | XOM: harmless Air miscast
  9572 | Temple   | XOM: harmless Erth miscast
 10049 | Temple   | XOM: 1-stop teleportation journey
 10285 | Temple   | XOM: 1-stop teleportation journey
 10400 | Temple   | XOM: medium Air miscast
 10932 | Temple   | XOM is BORED!
 10932 | Temple   | XOM: summons 3 hostile demons
 11677 | Temple   | XOM: summons 4 hostile demons
 11773 | D:6      | XOM: stat loss: -1 Int (10/11)
 11777 | D:6      | XOM: harmless Summ miscast
 11986 | Temple   | XOM: colour smoke trail
 13776 | Temple   | XOM: summons 4 hostile demons
 17555 | Temple   | XOM is BORED!
 18172 | Temple   | XOM: god gift: scroll labeled MAUWAL ABYSK
 18464 | Temple   | XOM: colour smoke trail
 18968 | Temple   | XOM: cast spell 'Summon Butterflies'
 19024 | Temple   | XOM: mild Summ miscast
 19726 | Temple   | XOM: medium Summ miscast
 19727 | Temple   | Noticed a sixfirhy
 19848 | D:6      | XOM is BORED!
 19848 | D:6      | XOM: 2-stop teleportation journey
 19858 | D:6      | Reached skill level 8 in Evocations
 19966 | Temple   | XOM: stat loss: -1 Str (13/14)
 20329 | Temple   | XOM: cast spell 'Summon Butterflies'
 20456 | Temple   | XOM: noise
 20876 | Temple   | XOM: mild Trmt miscast
 22624 | Temple   | XOM: divination: detect creatures
 22687 | Temple   | XOM: 4-stop teleportation journey
 22984 | Temple   | XOM: harmless Pois miscast
 23537 | Temple   | XOM: god gift: droning book {god gift}
 23538 | Temple   | Identified Xom's Incunabulum of the Hidden Realms (Xom gifted it to you in the Ecumenical Temple)
 23865 | Temple   | XOM: mild Pois miscast
 24174 | Temple   | XOM is BORED!
 25355 | Temple   | XOM: god gift: scroll labeled JIOBBA QISASTRA
 25466 | Temple   | XOM: vitrification
 25632 | Temple   | XOM: divination: detect creatures
 27481 | Temple   | XOM: cast spell 'Summon Butterflies'
 28589 | Temple   | XOM: god gift: heavily runed platinum ring {god gift}
 28590 | Temple   | Got a heavily runed platinum ring {god gift}
 28591 | Temple   | Identified the ring of Pulih {Ice +Inv rPois} (Xom gifted it to you in the Ecumenical Temple)
 28838 | Temple   | XOM is BORED!
 28838 | Temple   | XOM: mild Pois miscast
 29904 | Temple   | XOM: god gift: colourful book {god gift}
 29905 | Temple   | Identified Xom's Handbook of the Eight Lives (Xom gifted it to you in the Ecumenical Temple)
 29929 | Temple   | XOM: divination: detect creatures
 30297 | Temple   | XOM: divination: magic mapping
 30570 | Temple   | XOM: mild Hex miscast
 30947 | Temple   | XOM: harmless Summ miscast
 31573 | Temple   | XOM: harmless Conj miscast
 31606 | Temple   | XOM: medium Tloc miscast
 32373 | Temple   | XOM: colour smoke trail
 33649 | Temple   | XOM: harmless Conj miscast
 33740 | Temple   | XOM: noise
 34474 | Temple   | XOM: god gift: pair of embroidered gloves {god gift}
 34604 | Temple   | XOM: god gift: emerald potion
 35594 | Temple   | XOM: harmless Erth miscast
 36649 | Temple   | XOM is BORED!
 37099 | Temple   | XOM: medium Hex miscast
 37275 | Temple   | XOM: cast spell 'Summon Butterflies'
 37451 | Temple   | XOM: harmless Air miscast
 38888 | Temple   | XOM: colour smoke trail
 39205 | Temple   | XOM: harmless Trmt miscast
 39420 | Temple   | XOM: harmless Trmt miscast
 39761 | Temple   | XOM: vitrification
 39979 | Temple   | XOM: colour smoke trail
 40348 | Temple   | XOM: mild Divn miscast
 40950 | Temple   | XOM: 4-stop teleportation journey
 41265 | Temple   | XOM is BORED!
 41414 | Temple   | XOM: harmless Fire miscast
 41435 | Temple   | XOM: god gift: crooked brass wand {god gift}
 41953 | Temple   | XOM: stat loss: -1 Str (12/14)
 41984 | Temple   | XOM: god gift: thick glowing rod {god gift}
 42355 | Temple   | XOM: colour smoke trail
 42410 | Temple   | XOM: summons 4 hostile demons
 42756 | Temple   | XOM: summons 3 hostile demons
 42818 | D:6      | XOM: silly message
 43083 | Temple   | XOM: severe Fire miscast
 43095 | D:6      | XOM: medium Summ miscast
 43096 | D:6      | Noticed an ice devil
 43731 | Temple   | XOM: colour smoke trail
 44005 | Temple   | XOM: medium Necr miscast
 44084 | Temple   | XOM: summons 1 hostile demon
 44244 | Temple   | XOM: medium Trmt miscast
 44390 | Temple   | XOM: mild Summ miscast
 45512 | Temple   | XOM: summons 4 hostile demons
 45513 | Temple   | Noticed a sixfirhy
 45528 | D:6      | XOM: summons 4 hostile shadow creatures
 45534 | Temple   | Slain by a chaos spawn

Skill      XL: |  1  2  3  4  5  6  7  8 |
---------------+-------------------------+-----
Evocations     | 3 4 5 6 7 8 |  8.0
Dodging        | 2 3 |  3.3
Fighting       | 2 3 |  3.9
Short Blades   | |  0.7
Stealth        | |  0.7

Action                   |  1- 3 |  4- 6 |  7- 9 || total
-------------------------+-------+-------+-------++-------
Melee: Short sword       |    14 |       |       ||    14
       Dagger            |   119 |   125 |    98 ||   342
       Flail             |       |       |   267 ||   267
Evoke: Wand              |       |     9 |     4 ||    13
  Use: Scroll            |       |     1 |     1 ||     2
 Stab: Sleeping          |       |     2 |       ||     2
       Betrayed ally     |       |     1 |       ||     1
Armor: Leather armour    |    38 |       |       ||    38
       Scale mail        |     9 |     8 |       ||    17
       Troll leather arm |       |    16 |   196 ||   212
Dodge: Dodged            |    92 |    72 |   345 ||   509
